AoeStats
← lbaquino21

Four Lakes

509950806Analyzed
1v1 RM · 2d ago on Sep 28, 2026· 48m 34s· 2 players
Game mode
Random Map
Map size
Tiny (2 player)
Population
200
Speed
Normal
Resources
Standard
Victory
Conquest
Starting age
Dark Age
Ending age
Imperial Age
RankedLock teamsTeams togetherTeam positionsShared explorationLock speedFull tech treeHidden civsTurbo modeCheats
Victory
Defeat
🇵🇱 Franks · Poland
545
+18
🇧🇷 Varangians · Brazil
596
-27
mikus
10:25 Feudal Age
11:19 Double-Bit Axe
19:08 Castle Age
18:46 Stone Mining
19:15 Forging
20:16 Wheelbarrow
20:22 Bow Saw
24:05 Murder Holes
24:05 Fletching
28:13 Hand Cart
29:04 Fervor
28:55 Gold Mining
29:32 Ballistics
29:34 Husbandry
29:25 Town Watch
32:09 Bodkin Arrow
32:18 Treadmill Crane
32:49 Masonry
36:30 Imperial Age
35:45 Gold Shaft Mining
36:06 Guard Tower
36:26 Scale Barding Armor
36:57 Iron Casting
37:41 Conscription
37:21 Loom
40:14 Chain Barding Armor
40:55 Blast Furnace
40:00 Cavalier
42:43 Plate Barding Armor
42:49 Paladin
47:00 Town Patrol
47:36 Architecture
lbaquino21
8:37 Loom
12:09 Feudal Age
14:54 Wheelbarrow
14:06 Man-at-Arms
20:39 Double-Bit Axe
23:19 Castle Age
23:22 Fletching
23:38 Scale Mail Armor
23:48 Forging
23:45 Scale Barding Armor
23:41 Padded Archer Armor
25:34 Crossbowman
26:47 Long Swordsman
31:22 Hand Cart
36:46 Vendel Legacy
39:00 Treadmill Crane
39:44 Masonry
42:32 Bow Saw
42:06 Horse Collar
47:19 Husbandry
Connection lost

Rejoining the realm…

Still unreachable

The connection could not be restored.

Session expired

The server has moved on; the page needs a fresh start.